 Dungeon Crawl Stone Soup version 0.31-a0-117-g42d8f58691 (webtiles) character file.

Game seed: 6220808996276500295

51 benadryl the Trooper (level 3, 0/30 HPs)
             Began as a Demonspawn Reaver on May 30, 2023.
             Slain by a goblin
             ... wielding a +0 dagger
             ... led by Robin
              (3 damage)
             ... on level 2 of the Dungeon.
             The game lasted 00:02:10 (1579 turns).

benadryl the Trooper (Demonspawn Reaver)            Turns: 1579, Time: 00:02:11

Health: 0/30       AC:  3    Str: 14    XL:     3   Next: 57%
Magic:  6/6        EV: 11    Int: 14    God:
Gold:   44         SH:  4    Dex: 11    Spells: 5/6 levels left

rFire   . . .        a - +0 hand axe
rCold   . . .        (no shield)
rNeg    . . .        b - +0 leather armour
rPois   .            (helmet restricted)
rElec   .            (no cloak)
rCorr   .            (no gloves)
SInv    .            (no boots)
Will    .....        (no amulet)
Stlth   +            (no ring)
HPRegen 0.25/turn    (no ring)
MPRegen 0.10/turn

%: no passive effects
@: brilliant, weak-willed, attractive
A: horns 1, condensation shield
a: no special abilities


You were on level 2 of the Dungeon.
You visited 1 branch of the dungeon, and saw 2 of its levels.

You collected 44 gold pieces.

Inventory:

Hand Weapons
 a - a +0 hand axe (weapon)
Armour
 b - a +0 leather armour (worn)
Scrolls
 d - a scroll of identify {unknown}
 e - a scroll of amnesia
 h - a scroll of fog {unknown}
 i - a scroll of summoning {unknown}
 j - a scroll of enchant weapon {unknown}
 k - 2 scrolls of enchant armour {unknown}
Potions
 l - a potion of invisibility {unknown}


   Skills:
 * Level 4.0 Fighting
 - Level 2.6 Axes
 - Level 1.7 Dodging
 - Level 2.0 Spellcasting
 - Level 3.0 Conjurations


You had 5 spell levels left.
You knew the following spells:

 Your Spells              Type           Power      Damage    Failure   Level
a - Kiss of Death         Conj/Necr      32%        2d7       16%         1

Your spell library contained the following spells:

 Spells                   Type           Power      Damage    Failure   Level
 Momentum Strike          Conj/Tloc      16%        3d8       24%         2
 Apportation              Tloc           4%         N/A       30%         1
 Necrotise                Necr           8%         1d4       30%         1
 Summon Small Mammal      Summ           8%         N/A       30%         1
 Hailstorm                Conj/Ice       8%         3d4       43%         3


Dungeon Overview and Level Annotations

Branches:
Dungeon (2/15)

Altars:

Annotations:
D:2 Robin


Innate Abilities, Weirdness & Mutations

You have a pair of small horns on your head.
A meltable shield of frost defends you. (SH +4)


Message History

A goblin comes into view. It is wielding a +0 club.
The goblin hits you but does no damage.
A goblin comes into view. It is wielding a +0 dagger.
You closely miss the goblin. You hit the goblin.
You kill the goblin!
A goblin comes into view. It is wielding a +0 club.
You closely miss the goblin. You headbutt the goblin.
You kill the goblin!
You hit the goblin. The goblin hits you with a +0 club.
The goblin shoots a sling bullet.
The sling bullet hits you. The goblin hits you but does no damage.
Robin throws the goblin at you! The hobgoblin completely misses you.
It was a potion of brilliance.
You feel clever all of a sudden. The goblin barely misses you.
You block the hobgoblin's attack. Robin throws the goblin at you!
The goblin hits you with a +0 dagger. x2
You hit the goblin but do no damage. You closely miss the hobgoblin.
You barely miss the goblin. x3; The goblin unwields a +0 sling.
The goblin wields a +0 dagger.
The goblin barely misses you. The goblin hits you with a +0 club.
The hobgoblin barely misses you.
The goblin hits you with a +0 dagger. x2
* * * LOW HITPOINT WARNING * * *
It was a potion of attraction.
You feel attractive to monsters. The goblin closely misses you.
You block the goblin's attack. The hobgoblin barely misses you.
The goblin hits you but does no damage. The goblin barely misses you.
The goblin is attracted toward you.
As you read the scroll labelled PAFUWU KANK, it crumbles to dust.
Magic quickly surges around you.
It was a scroll of vulnerability.
You block the goblin's attack. The goblin hits you with a +0 club.
* * * LOW HITPOINT WARNING * * *
You block the goblin's attack. The hobgoblin barely misses you.
The goblin misses you.
As you read the scroll labelled CUFOEKHL MOMEX, it crumbles to dust.
It is a scroll of amnesia.
Really abort (and waste the scroll)?
Okay, then.
The goblin barely misses you. The goblin closely misses you.
The goblin hits you with a +0 dagger.
You die...

......#.#..........#
#####.#.#.#######..#
#.#.#....#.....#
#.#.#.#.##.#...#
#.#.#.#.##.....#
#####'#.#.#.####..##
...................#
..............##gg.#
.......#..##..##@gg#
#####.##..#...##ggg#
#.##..# ..##ggg#
#.##..# #.##g§.# ###
#.##..# .#....#
..###.##^.# .#..#
#.....## . ...
.......# #$ ..#.
#####..#


You could see Robin (weak-willed), 2 hobgoblins and 8 goblins.

Vanquished Creatures
  A dart slug (D:1)
  3 endoplasms (D:1)
  3 giant cockroaches (D:1)
  4 goblins
  3 hobgoblins
  11 jackals
  A quokka (D:1)
  4 ball pythons
  3 bats
  3 frilled lizards
  2 kobolds
  2 rats (D:1)
40 creatures vanquished.

Notes
Turn   | Place    | Note
-------+----------+-------------------------------------------
     0 | D:1      | benadryl the Demonspawn Reaver began the quest for the Orb.
     0 | D:1      | Reached XP level 1. HP: 16/16 MP: 3/3
   153 | D:1      | Gained mutation: You have a pair of small horns on your
                  | head. [demonic ancestry]
   153 | D:1      | Reached XP level 2. HP: 23/23 MP: 5/5
   180 | D:1      | Reached skill level 3 in Fighting
   808 | D:1      | Gained mutation: A meltable shield of frost defends you.
                  | (SH +4) [demonic ancestry]
   808 | D:1      | Reached XP level 3. HP: 22/29 MP: 6/6
  1363 | D:2      | Identified the +4 mace of Uncertain Death {heavy, Will-
                  | rCorr Dex+7}
  1499 | D:2      | Reached skill level 4 in Fighting
  1570 | D:2      | Noticed Robin
  1579 | D:2      | Slain by a goblin

Illustrated notes

Levels and vault maps discovered:
D:1:      ebering_hopf_link, layout_basic
D:2:      layout_basic, basic_altar, uniq_robin

Skill      XL: |  1  2  3 |
---------------+----------+-----
Fighting       | 3 4 |  4.0
Axes           | |  2.6
Dodging        | |  1.7
Spellcasting   | |  2.0
Conjurations   | |  3.0

Action                     || total
---------------------------++-------
  Melee: Hand axe          ||   108
         Headbutt          ||    19
         Punch             ||     2
    Use: Scroll            ||     2
         Potion            ||     2
 Armour: Leather armour    ||    35
  Dodge: Dodged            ||    85
  Block: Other             ||    14

Table legend: (Time is in decaauts)
 A = Elapsed time spent in this place.
 B = Non-inter-level travel time spent in this place.
 C = Inter-level travel time spent in this place.
 D = Time resting spent in this place.
 E = Time spent auto-exploring this place.
 F = Levels seen in this place.
 G = Mean time per level.
                   A        B        C        D        E       F      G
               +--------+--------+--------+--------+--------+-----+--------+
         Total |   1598 |   1457 |    141 |    245 |    976 |   2 |  799.0 |
       Dungeon |   1598 |   1457 |    141 |    245 |    976 |   2 |  799.0 |
               +--------+--------+--------+--------+--------+-----+--------+

Top non-repeatable levels by time:
     D:1: 1262 daAuts
     D:2: 335 daAuts
